[ AOE2 MATCH · #513662595 ]
UnrankedGoths vs Burmese
Player's team · LOSS
Rival team · WIN
[ REPLAY ANALYSIS · EXTRACTED FROM THE RECORDED GAME ]
Feudal
9:41
Castle
23:20
Imperial
—
| APM avg | 84.5 |
| APM peak | 146 |
| eAPM avg | 31.2 |
| Villagers / military | 150 / 130 |
Focus
⚔️ 35.1% · 🌾 64.9%
Cavalry Archer ×56 · Archer ×29 · Huskarl ×21 · Skirmisher ×11 · Spearman ×8 · Mangonel ×3
Feudal
8:50
Castle
21:28
Imperial
—
| APM avg | 112.9 |
| APM peak | 178 |
| eAPM avg | 70.5 |
| Villagers / military | 135 / 95 |
Focus
⚔️ 72.9% · 🌾 27.1%
Knight ×50 · Archer ×13 · Skirmisher ×8 · Scorpion ×7 · Monk ×4 · Militia ×4
Match map
Initial resources + every placement click. Lines = walls · curves = elevation contours. ◆ gold · ⬟ stone · ● berries · ✦ relic · ◌ wall gap
Your base· Open — unwalled flank
Plebadin's base· Open — unwalled flank
Smoothed initial terrain · ◌ = detected wall gap · hover for details
Inputs per minute
— ARC.Lighty - - Plebadin
Build order — ARC.Lighty
First 150 of 465 actions detected
| 0:00 | Queue | Villager (Male) |
| 0:01 | Queue | Villager (Male) |
| 0:01 | Queue | Villager (Male) |
| 0:03 | Build | House |
| 0:04 | Build | House |
| 0:14 | Research | Loom |
| 0:14 | Queue | Villager (Male) |
| 0:15 | Queue | Villager (Male) |
| 0:15 | Queue | Villager (Male) |
| 1:28 | Queue | Villager (Male) |
| 1:28 | Queue | Villager (Male) |
| 2:01 | Queue | Villager (Male) |
| 2:01 | Queue | Villager (Male) |
| 2:26 | Queue | Villager (Male) |
| 2:49 | Queue | Villager (Male) |
| 2:56 | Build | Barracks |
| 3:10 | Queue | Villager (Male) |
| 3:30 | Build | House |
| 3:39 | Queue | Villager (Male) |
| 3:50 | Queue | Villager (Male) |
| 4:19 | Queue | Militia |
| 4:19 | Queue | Militia |
| 4:26 | Queue | Villager (Male) |
| 4:27 | Build | House |
| 4:44 | Queue | Villager (Male) |
| 5:16 | Queue | Villager (Male) |
| 5:42 | Queue | Villager (Male) |
| 5:51 | Queue | Villager (Male) |
| 5:55 | Build | Lumber Camp |
| 6:36 | Queue | Villager (Male) |
| 6:54 | Queue | Villager (Male) |
| 7:21 | Research | Feudal Age |
| 7:40 | Build | Mill |
| 8:21 | Build | Lumber Camp |
| 8:55 | Build | Palisade Wall |
| 8:55 | Build | Palisade Wall |
| 8:56 | Build | Palisade Wall |
| 8:59 | Build | Palisade Wall |
| 9:00 | Build | Palisade Wall |
| 9:07 | Queue | Villager (Male) |
| 9:32 | Build | House |
| 9:41 | Build | House |
| 9:41 | Age | Feudal Age |
| 9:43 | Build | House |
| 9:44 | Build | Palisade Wall |
| 9:46 | Queue | Spearman |
| 9:47 | Research | Double-Bit Axe |
| 9:47 | Research | Horse Collar |
| 9:51 | Queue | Villager (Male) |
| 10:02 | Queue | Villager (Male) |
| 10:17 | Build | Archery Range |
| 10:50 | Queue | Villager (Male) |
| 10:52 | Build | Palisade Wall |
| 10:54 | Build | Palisade Wall |
| 11:00 | Queue | Villager (Male) |
| 11:03 | Build | Mining Camp |
| 11:12 | Build | Farm |
| 11:13 | Build | Farm |
| 11:22 | Queue | Spearman |
| 11:34 | Queue | Archer |
| 11:36 | Build | Farm |
| 11:37 | Build | Farm |
| 11:37 | Queue | Villager (Male) |
| 11:43 | Build | House |
| 11:47 | Build | Palisade Wall |
| 11:48 | Queue | Villager (Male) |
| 11:49 | Build | Palisade Wall |
| 12:10 | Build | Blacksmith |
| 12:13 | Queue | Villager (Male) |
| 12:26 | Queue | Archer |
| 12:26 | Queue | Archer |
| 12:30 | Build | Palisade Wall |
| 12:39 | Queue | Villager (Male) |
| 12:40 | Build | Farm |
| 12:41 | Build | Farm |
| 13:05 | Build | Farm |
| 13:06 | Queue | Villager (Male) |
| 13:09 | Build | Farm |
| 13:13 | Queue | Archer |
| 13:15 | Build | Farm |
| 13:26 | Build | Mill |
| 13:33 | Build | Watch Tower |
| 13:36 | Queue | Villager (Male) |
| 13:36 | Queue | Archer |
| 14:03 | Build | Farm |
| 14:03 | Build | Farm |
| 14:12 | Research | Fletching |
| 14:20 | Build | House |
| 14:24 | Build | Farm |
| 14:28 | Queue | Villager (Male) |
| 14:40 | Build | House |
| 14:44 | Queue | Villager (Male) |
| 14:47 | Queue | Skirmisher |
| 15:07 | Queue | Villager (Male) |
| 15:08 | Queue | Skirmisher |
| 15:24 | Build | Palisade Wall |
| 15:25 | Build | Palisade Wall |
| 15:27 | Build | Palisade Wall |
| 15:31 | Queue | Villager (Male) |
| 15:34 | Queue | Villager (Male) |
| 15:34 | Queue | Skirmisher |
| 15:36 | Build | Palisade Wall |
| 15:37 | Build | Palisade Wall |
| 15:42 | Build | Farm |
| 15:55 | Build | House |
| 16:00 | Build | Archery Range |
| 16:14 | Queue | Skirmisher |
| 16:14 | Queue | Villager (Male) |
| 16:24 | Build | House |
| 16:35 | Queue | Skirmisher |
| 16:37 | Queue | Skirmisher |
| 16:38 | Queue | Villager (Male) |
| 16:47 | Build | Watch Tower |
| 16:55 | Research | Padded Archer Armor |
| 16:56 | Queue | Villager (Male) |
| 17:00 | Build | Lumber Camp |
| 17:07 | Queue | Villager (Male) |
| 17:08 | Queue | Skirmisher |
| 17:08 | Queue | Skirmisher |
| 17:24 | Queue | Villager (Male) |
| 17:24 | Queue | Skirmisher |
| 17:36 | Queue | Villager (Male) |
| 17:37 | Queue | Skirmisher |
| 17:52 | Queue | Villager (Male) |
| 17:52 | Queue | Skirmisher |
| 18:10 | Queue | Archer |
| 18:19 | Build | Mill |
| 18:19 | Build | Farm |
| 18:19 | Build | Farm |
| 18:19 | Build | Farm |
| 18:20 | Build | Farm |
| 18:24 | Queue | Archer |
| 18:52 | Queue | Villager (Male) |
| 18:52 | Queue | Archer |
| 19:06 | Build | Market |
| 19:19 | Queue | Archer |
| 19:23 | Queue | Archer |
| 19:54 | Build | Farm |
| 19:55 | Queue | Villager (Male) |
| 19:55 | Queue | Archer |
| 20:36 | Queue | Villager (Male) |
| 20:40 | Research | Castle Age |
| 20:41 | Queue | Archer |
| 20:44 | Queue | Archer |
| 20:50 | Build | Lumber Camp |
| 20:53 | Build | Farm |
| 20:53 | Build | Farm |
| 20:54 | Build | Farm |
| 20:56 | Research | Gold Mining |
| 20:56 | Research | Horse Collar |
Build order — Plebadin
First 150 of 383 actions detected
| 0:00 | Queue | Villager (Male) |
| 0:00 | Queue | Villager (Male) |
| 0:01 | Queue | Villager (Male) |
| 0:01 | Build | House |
| 0:02 | Build | House |
| 0:09 | Queue | Villager (Male) |
| 0:09 | Queue | Villager (Male) |
| 1:14 | Queue | Villager (Male) |
| 1:48 | Queue | Villager (Male) |
| 1:59 | Queue | Villager (Male) |
| 2:31 | Build | Lumber Camp |
| 2:41 | Queue | Villager (Male) |
| 2:51 | Queue | Villager (Male) |
| 3:12 | Queue | Villager (Male) |
| 3:40 | Queue | Villager (Male) |
| 3:44 | Queue | Villager (Male) |
| 3:44 | Queue | Villager (Male) |
| 4:03 | Build | House |
| 4:05 | Build | House |
| 4:44 | Queue | Villager (Male) |
| 5:05 | Queue | Villager (Male) |
| 5:17 | Queue | Villager (Male) |
| 5:25 | Build | House |
| 5:34 | Build | Barracks |
| 5:36 | Queue | Villager (Male) |
| 5:45 | Queue | Villager (Male) |
| 5:48 | Queue | Villager (Male) |
| 5:53 | Research | Loom |
| 5:59 | Build | Palisade Wall |
| 6:00 | Build | Palisade Wall |
| 6:38 | Research | Feudal Age |
| 6:39 | Research | Feudal Age |
| 7:31 | Build | Mining Camp |
| 7:48 | Queue | Militia |
| 7:49 | Queue | Militia |
| 7:52 | Queue | Villager (Male) |
| 7:57 | Build | House |
| 8:27 | Build | Mill |
| 8:29 | Queue | Militia |
| 8:50 | Age | Feudal Age |
| 8:51 | Queue | Spearman |
| 8:53 | Queue | Villager (Male) |
| 9:05 | Queue | Spearman |
| 9:08 | Queue | Militia |
| 9:20 | Queue | Villager (Male) |
| 9:35 | Queue | Villager (Male) |
| 9:43 | Build | House |
| 9:47 | Build | Archery Range |
| 10:02 | Research | Man-at-Arms (upgrade) |
| 10:03 | Queue | Villager (Male) |
| 10:49 | Queue | Villager (Male) |
| 10:49 | Queue | Villager (Male) |
| 11:05 | Queue | Archer |
| 11:05 | Queue | Villager (Male) |
| 11:20 | Build | Farm |
| 11:21 | Build | Farm |
| 11:22 | Build | Farm |
| 11:23 | Build | Farm |
| 11:29 | Queue | Archer |
| 11:29 | Queue | Archer |
| 11:34 | Queue | Villager (Male) |
| 11:50 | Queue | Villager (Male) |
| 11:52 | Build | House |
| 11:55 | Queue | Archer |
| 12:01 | Build | Blacksmith |
| 12:03 | Build | Blacksmith |
| 12:10 | Queue | Archer |
| 12:10 | Queue | Villager (Male) |
| 12:14 | Build | Palisade Wall |
| 12:35 | Queue | Archer |
| 13:01 | Queue | Archer |
| 13:04 | Research | Fletching |
| 13:04 | Queue | Villager (Male) |
| 13:05 | Build | Farm |
| 13:06 | Build | Farm |
| 13:14 | Queue | Skirmisher |
| 13:20 | Build | House |
| 13:22 | Build | House |
| 13:23 | Build | Palisade Wall |
| 13:27 | Queue | Villager (Male) |
| 13:45 | Queue | Archer |
| 13:58 | Queue | Archer |
| 14:17 | Queue | Villager (Male) |
| 14:19 | Build | Farm |
| 14:20 | Build | Farm |
| 14:43 | Queue | Skirmisher |
| 14:45 | Queue | Villager (Male) |
| 14:46 | Build | Farm |
| 14:47 | Build | Farm |
| 14:48 | Build | Farm |
| 14:48 | Build | Farm |
| 14:49 | Queue | Villager (Male) |
| 15:29 | Queue | Archer |
| 15:31 | Build | Farm |
| 15:31 | Build | Farm |
| 15:32 | Build | Farm |
| 15:44 | Queue | Villager (Male) |
| 15:45 | Queue | Archer |
| 16:02 | Queue | Villager (Male) |
| 16:03 | Build | Farm |
| 16:17 | Queue | Skirmisher |
| 16:22 | Queue | Villager (Male) |
| 16:40 | Queue | Villager (Male) |
| 16:42 | Build | Farm |
| 16:45 | Queue | Villager (Male) |
| 16:49 | Queue | Villager (Male) |
| 16:50 | Build | House |
| 17:15 | Queue | Skirmisher |
| 17:31 | Queue | Skirmisher |
| 17:32 | Queue | Villager (Male) |
| 17:45 | Queue | Skirmisher |
| 18:01 | Queue | Villager (Male) |
| 18:01 | Build | Stable |
| 18:08 | Queue | Skirmisher |
| 18:11 | Queue | Villager (Male) |
| 18:15 | Queue | Archer |
| 18:16 | Queue | Archer |
| 18:19 | Queue | Villager (Male) |
| 18:25 | Build | Outpost |
| 18:26 | Build | Outpost |
| 18:48 | Research | Castle Age |
| 18:55 | Build | Outpost |
| 19:04 | Queue | Scout Cavalry |
| 19:27 | Queue | Scout Cavalry |
| 19:34 | Build | Outpost |
| 19:37 | Build | Farm |
| 19:39 | Build | Farm |
| 19:40 | Queue | Villager (Male) |
| 19:45 | Research | Scale Barding Armor |
| 19:51 | Build | House |
| 19:55 | Build | Stable |
| 20:11 | Build | Palisade Wall |
| 20:22 | Build | Palisade Wall |
| 20:22 | Queue | Skirmisher |
| 20:23 | Build | Palisade Wall |
| 20:49 | Research | Bloodlines |
| 20:50 | Research | Bloodlines |
| 21:03 | Build | Farm |
| 21:05 | Build | Farm |
| 21:15 | Queue | Villager (Male) |
| 21:18 | Build | Farm |
| 21:28 | Age | Castle Age |
| 21:29 | Queue | Knight |
| 21:29 | Queue | Knight |
| 21:36 | Build | Farm |
| 21:41 | Queue | Villager (Male) |
| 21:54 | Queue | Villager (Male) |
| 22:00 | Build | House |
| 22:06 | Queue | Knight |
| 22:17 | Queue | Knight |
Match timeline
| 2:56 | ARC.Lighty · first_building Barracks |
| 5:34 | Plebadin · first_building Barracks |
| 5:59 | Plebadin · wall_segment Palisade Wall x1 |
| 6:00 | Plebadin · wall_segment Palisade Wall x1 |
| 8:50 | Plebadin · age_up feudal |
| 8:55 | ARC.Lighty · wall_segment Palisade Wall x1 |
| 8:55 | ARC.Lighty · wall_segment Palisade Wall x1 |
| 8:56 | ARC.Lighty · wall_segment Palisade Wall x1 |
| 8:59 | ARC.Lighty · wall_segment Palisade Wall x1 |
| 9:00 | ARC.Lighty · wall_segment Palisade Wall x1 |
| 9:41 | ARC.Lighty · age_up feudal |
| 9:44 | ARC.Lighty · wall_segment Palisade Wall x1 |
| 9:47 | Plebadin · first_building Archery Range |
| 10:17 | ARC.Lighty · first_building Archery Range |
| 10:52 | ARC.Lighty · wall_segment Palisade Wall x1 |
| 10:54 | ARC.Lighty · wall_segment Palisade Wall x1 |
| 11:47 | ARC.Lighty · wall_segment Palisade Wall x2 |
| 11:49 | ARC.Lighty · wall_segment Palisade Wall x1 |
| 12:14 | Plebadin · wall_segment Palisade Wall x13 |
| 12:30 | ARC.Lighty · wall_segment Palisade Wall x1 |
| 13:23 | Plebadin · wall_segment Palisade Wall x6 |
| 15:24 | ARC.Lighty · wall_segment Palisade Wall x1 |
| 15:25 | ARC.Lighty · wall_segment Palisade Wall x1 |
| 15:27 | ARC.Lighty · wall_segment Palisade Wall x1 |
| 15:36 | ARC.Lighty · wall_segment Palisade Wall x1 |
| 15:37 | ARC.Lighty · wall_segment Palisade Wall x1 |
| 18:01 | Plebadin · first_building Stable |
| 20:11 | Plebadin · wall_segment Palisade Wall x1 |
| 20:22 | Plebadin · wall_segment Palisade Wall x1 |
| 20:23 | Plebadin · wall_segment Palisade Wall x1 |
| 20:38 | ARC.Lighty · first_market_sell 100 wood |
| 21:28 | Plebadin · age_up castle |
| 22:25 | ARC.Lighty · wall_segment Palisade Wall x1 |
| 22:27 | ARC.Lighty · wall_segment Palisade Wall x1 |
| 22:28 | ARC.Lighty · wall_segment Palisade Wall x1 |
| 22:30 | ARC.Lighty · wall_segment Palisade Wall x1 |
| 22:52 | Plebadin · first_building Siege Workshop |
| 22:58 | ARC.Lighty · wall_segment Palisade Wall x1 |
| 23:14 | ARC.Lighty · wall_segment Palisade Wall x1 |
| 23:16 | ARC.Lighty · wall_segment Palisade Wall x1 |
| 23:20 | ARC.Lighty · age_up castle |
| 24:41 | ARC.Lighty · first_building Siege Workshop |
| 25:31 | Plebadin · first_building Monastery |
| 26:07 | ARC.Lighty · first_market_buy 100 stone |
| 30:09 | ARC.Lighty · first_building Stable |
| 32:35 | Plebadin · first_market_buy 100 stone |
| 33:41 | Plebadin · first_market_sell 100 wood |
| 34:45 | ARC.Lighty · first_building Castle |
| 42:23 | Plebadin · wall_segment Palisade Wall x1 |
[ AI ANALYSIS · 1 CREDIT ]
What really happened in this match?
Wolo.gg analyzes every decision: build order, eco, micro, common mistakes by bracket. Personalized analysis on WhatsApp or Discord in 30 seconds.
Civ guide
Goths
Perfil
Jugador #738035